Wolfpack vs Admirals

Created - May 1, 2024 at 20:01

Goals
1 2 3 T
Wolfpack 1 3 3 7
Admirals 0 2 3 5
Shots
1 2 3 T
Wolfpack 9 15 8 32
Admirals 6 15 14 35

1st period

1. Wolfpack , Owen Tippet 13 (Ryan Culkin 31) at 1:12

Penalties :
Dryden Hunt (Har) for Roughing (Minor) at 15:02

2nd period

2. Admirals , Lucas Wallmark 22 (Olli Juolevi 36, Kasper Bjorkqvist 37) at 2:41
3. Admirals , Kasper Bjorkqvist 26 (Lucas Wallmark 22, Nolan Vesey 11) at 5:17
4. Wolfpack , Casey Mittelstadt 24 (David Pope 58, Colton White 21) at 11:54
5. Wolfpack , Nolan Patrick 19 (Steven Santini 53, Sebastian Collberg 44) at 18:00 (PP)
6. Wolfpack , Mikhail Vorobyev 2 (Connor Chatam 24, K'Andre Miller 13) at 19:13

Penalties :
Alexander Barabanov (Har) for Tripping (Minor) at 0:27, Josh Norris (Mil) for Slashing (Minor) at 3:04, Reilly Walsh (Mil) for Holding (Minor) at 11:22, Steven Santini (Har) for Cross-checking (Minor) at 11:39, Ruslan Iskhakov (Mil) for Holding (Minor) at 17:02

3rd period

7. Wolfpack , Connor Chatam 30 (Alexander Barabanov 24, Joshua Jacobs 1) at 5:14
8. Admirals , Hunter Shinkaruk 44 (Mark McNeill 51, T.J Brodie 44) at 12:07
9. Admirals , Josh Norris 21 (T.J Brodie 45, Mark McNeill 52) at 12:29 (PP)
10. Wolfpack , David Pope 44 (Colton White 22) at 13:37
11. Admirals , Mattias Backman 11 (Anton Gustafsson 43, Tristan Jarry) at 17:33 (PP)
12. Wolfpack , David Pope 45 (Ryan Culkin 32) at 19:12 (Empty Net)

Penalties :
Steven Santini (Har) for Roughing (Minor) at 5:21, Stefan Noesen (Har) for Tripping (Minor) at 12:23, Ryan Culkin (Har) for Holding (Minor) at 17:02

Goalie Stats

Eric Comrie (Har), 30 saves from 35 shots - (0.857), W, 32-17-6, 60:00 minutes
Tristan Jarry (Mil), 25 saves from 31 shots - (0.806), L, 13-21-7, 59:40 minutes

Players Stats for Wolfpack

Player Name              G  A  P  +/- PIM S  H  SB GA TA FO     MP     PP MP  PK MP  
------------------------------------------------------------------------------------
Alex Barre-Boulet        0  0  0   0  0   0  0  0  0  0  5/7    10:24   0:00   0:00 
Alexander Barabanov      0  1  1   0  2   0  3  0  0  0  1/1    16:12   1:35   1:13 
Casey Mittelstadt        1  0  1   2  0   1  4  1  1  0  18/46  24:04   1:39   3:44 
Colton White             0  2  2   3  0   1  1  1  0  1  0/0    20:21   1:27   2:54 
Connor Chatam            1  1  2   0  0   1  0  0  0  0  1/1    10:24   0:00   0:00 
David Pope               2  1  3   2  0   11 2  1  1  2  0/0    24:11   1:39   3:49 
Derrick Pouliot          0  0  0   0  0   0  2  3  0  2  0/0    29:52   1:47   4:21 
Dryden Hunt              0  0  0   0  2   0  1  0  1  1  0/0    12:21   0:00   1:40 
Joshua Jacobs            0  1  1   1  0   0  1  2  0  0  0/0    11:43   0:00   0:56 
K'Andre Miller           0  1  1   1  0   1  0  1  0  0  0/0    11:43   0:00   0:56 
Mikhail Vorobyev         1  0  1   1  0   1  0  0  0  0  1/3     8:25   0:00   0:27 
Nolan Patrick            1  0  1   0  0   6  3  0  1  0  3/4    17:37   1:35   2:34 
Owen Tippet              1  0  1   1  0   2  0  0  0  1  0/0     7:58   0:00   0:00 
Ryan Culkin              0  2  2   2  2   2  1  1  0  1  0/0    17:40   1:27   1:34 
Sebastian Collberg       0  1  1   0  0   0  1  0  2  0  0/0    14:33   1:35   0:00 
Stefan Noesen            0  0  0   1  2   1  4  1  0  0  0/1    18:21   1:39   0:00 
Steven Santini           0  1  1  -1  4   2  3  4  1  0  0/0    27:19   1:46   3:01 
Yegor Korshkov           0  0  0   1  0   3  0  0  0  0  0/0     8:13   0:00   0:15 

Players Stats for Admirals

Player Name              G  A  P  +/- PIM S  H  SB GA TA FO     MP     PP MP  PK MP  
------------------------------------------------------------------------------------
Anton Gustafsson         0  1  1  -1  0   1  2  1  1  0  7/8    19:24   3:10   2:01 
Barrett Hayton           0  0  0  -2  0   2  1  1  1  0  0/3     8:12   0:00   0:33 
Carl Dahlstrom           0  0  0   0  0   0  0  2  0  0  0/0    13:43   0:47   1:17 
Gerald Mayhew            0  0  0   0  0   1  1  0  0  0  0/1    16:12   3:13   0:00 
Hunter Shinkaruk         1  0  1  -2  0   6  0  0  0  1  0/0    21:25   3:31   0:33 
Ian Mitchell             0  0  0  -2  0   3  0  1  0  3  0/0    24:17   3:48   0:00 
Josh Norris              1  0  1  -3  2   3  1  1  0  0  21/41  22:02   3:38   0:00 
Josh Wesley              0  0  0   0  0   0  0  0  0  0  0/0     6:03   0:00   0:00 
Kasper Bjorkqvist        1  1  2   2  0   4  0  0  1  0  1/1    10:46   0:10   0:00 
Lucas Wallmark           1  1  2   2  0   3  0  0  1  0  4/7    11:16   0:00   0:40 
Mark McNeill             0  2  2  -2  0   3  0  1  0  1  1/2    22:53   3:31   2:01 
Mattias Backman          1  0  1  -1  0   3  2  1  1  1  0/0    17:06   2:46   1:57 
Milos Kelemen            0  0  0  -2  0   0  0  0  0  0  0/0     7:39   0:00   0:00 
Nolan Vesey              0  1  1   0  0   3  2  1  2  0  0/0    16:58   3:13   0:40 
Olli Juolevi             0  1  1  -1  0   1  2  0  0  1  0/0    11:43   1:45   1:17 
Pavol Regenda            0  0  0   2  0   0  0  0  0  0  0/0    10:30   0:00   0:00 
Reilly Walsh             0  0  0  -1  2   1  1  1  0  0  0/0    19:26   0:07   0:00 
Ruslan Iskhakov          0  0  0  -2  2   0  0  0  0  0  0/0     7:38   0:00   0:00 
Sergei Zborovskiy        0  0  0   0  0   0  0  0  0  0  0/0     6:03   0:00   0:00 
T.J Brodie               0  2  2  -1  0   1  1  1  1  0  0/0    21:45   4:36   1:57 

3 Stars

1 - David Pope (Har)
2 - Casey Mittelstadt (Har)
3 - Colton White (Har)

Power Play

Wolfpack - 1 on 3 Attempt(s) - 33.33%
Admirals - 2 on 6 Attempt(s) - 33.33%

Penalty Kill

Wolfpack - 4 on 6 Attempt(s) - 66.67% - Score 0 goal in Penalty Kill
Admirals - 2 on 3 Attempt(s) - 66.67% - Score 0 goal in Penalty Kill

Team Stat

Wolfpack - Hits : 26 - Faceoff Wins : 29 - Blocked Shots : 15 - Penalty Minutes : 12
Admirals - Hits : 13 - Faceoff Wins : 34 - Blocked Shots : 11 - Penalty Minutes : 6

Official

Referees : Chris Rooney and Ghislain Hebert
Linesman : Brandon Gawryletz and Bevan Mills

Game Notes

Olli Juolevi is injured at 1:08 of 3rd period (Sports Hernia)
David Pope has scored in a empty net!

Finance

Level 1 -- Attendance: 1771 (88.55%) -- Ticket Income $123,970
Level 2 -- Attendance: 910 (91.00%) -- Ticket Income $36,400
Total Attendance: 2681 (89.37%)
Total Ticket Income: $160,370
Other Income: $8,018
Total Income: $168,388

Wolfpack

5 vs 5 Forward 
   Center                   Left Wing                Right Wing               Time % Phy DF OF 
 1 Casey Mittelstadt        David Pope               Stefan Noesen            40     1   2  2  
 2 Nolan Patrick            Alexander Barabanov      Sebastian Collberg       30     1   2  2  
 3 Alex Barre-Boulet        Dryden Hunt              Connor Chatam            20     1   2  2  
 4 Mikhail Vorobyev         Yegor Korshkov           Owen Tippet              10     1   2  2  

5 vs 5 Defense 
   Defense                  Defense                                           Time % Phy DF OF 
 1 Derrick Pouliot          Steven Santini                                    40     1   2  2  
 2 Ryan Culkin              Colton White                                      30     1   2  2  
 3 K'Andre Miller           Joshua Jacobs                                     20     1   2  2  
 4 Derrick Pouliot          Steven Santini                                    10     1   2  2  

PowerPlay Forward 
   Center                   Left Wing                Right Wing               Time % Phy DF OF 
 1 Casey Mittelstadt        David Pope               Stefan Noesen            60     1   2  2  
 2 Nolan Patrick            Alexander Barabanov      Sebastian Collberg       40     1   2  2  

PowerPlay Defense
   Defense                  Defense                                           Time % Phy DF OF 
 1 Derrick Pouliot          Steven Santini                                    60     1   2  2  
 2 Ryan Culkin              Colton White                                      40     1   2  2  

Penalty Kill 4 Players Forward 
   Center                   Wing                     Time % Phy DF OF 
 1 Casey Mittelstadt        David Pope               60     1   2  2  
 2 Nolan Patrick            Alexander Barabanov      40     1   2  2  

Penalty Kill 4 Players Defense
   Defense                  Defense                  Time % Phy DF OF 
 1 Derrick Pouliot          Steven Santini           60     1   2  2  
 2 Ryan Culkin              Colton White             40     1   2  2  

Penalty Kill - 3 Players Forward 
   Forward                                           Time % Phy DF OF 
 1 Casey Mittelstadt                                 60     1   2  2  
 2 Nolan Patrick                                     40     1   2  2  

Penalty Kill - 3 Players Defense
   Defense                  Defense                  Time % Phy DF OF 
 1 Derrick Pouliot          Steven Santini           60     1   2  2  
 2 Ryan Culkin              Colton White             40     1   2  2  

4 vs 4 Forward 
   Center                   Wing                     Time % Phy DF OF 
 1 Casey Mittelstadt        David Pope               60     1   2  2  
 2 Nolan Patrick            Alexander Barabanov      40     1   2  2  

4 vs 4 Defense
   Defense                  Defense                  Time % Phy DF OF 
 1 Derrick Pouliot          Steven Santini           60     1   2  2  
 2 Ryan Culkin              Colton White             40     1   2  2  

Last Minutes Offensive
   Center                   Left Wing                Right Wing               Defense                  Defense                  
   Casey Mittelstadt        David Pope               Stefan Noesen            Derrick Pouliot          Steven Santini           

Last Minutes Defensive
   Center                   Left Wing                Right Wing               Defense                  Defense                  
   Casey Mittelstadt        David Pope               Stefan Noesen            Derrick Pouliot          Steven Santini           

Goaltenders
Starting : Eric Comrie              
Backup : Mike Condon              

Extra Forwards
Normal : Casey Mittelstadt, Alexander Barabanov, Dryden Hunt - PP : Casey Mittelstadt, Alexander Barabanov - PK : Casey Mittelstadt
Extra Defensemen
Normal : Colton White, K'Andre Miller, Joshua Jacobs - PP : Colton White - PK : Colton White, K'Andre Miller
Penalty Shots
Stefan Noesen, David Pope, Sebastian Collberg, Connor Chatam, Casey Mittelstadt
Custom OT Lines Forwards
Stefan Noesen, David Pope, Sebastian Collberg, Connor Chatam, Casey Mittelstadt, Alexander Barabanov, Dryden Hunt, Nolan Patrick, Owen Tippet, Alex Barre-Boulet
Custom OT Lines Defensemen
Derrick Pouliot, Steven Santini, Ryan Culkin, Colton White, K'Andre Miller

Scratches
Ryan Poehling (Healthy), Mason Shaw (Healthy), Samuel Houde (Healthy), Jake Marchment (Torn Left ACL Injury), Dylan Samberg (Healthy)
Cale Fleury (Healthy), Will Borgen (Healthy), Andrew Peeke (Healthy), Dante Fabbro (Healthy), Jeffrey Viel (Healthy)
Linus Sandin (Healthy), Alexander Volkov (Healthy), Jack Drury (Healthy), Jakub Lauko (Healthy), Martin Kaut (Healthy)
Mathias Laferriere (Healthy), Samuel Ersson (Healthy), Jake Paterson (Healthy)

Admirals

5 vs 5 Forward 
   Center                   Left Wing                Right Wing               Time % Phy DF OF 
 1 Josh Norris              Hunter Shinkaruk         Mark McNeill             40     1   2  2  
 2 Anton Gustafsson         Nolan Vesey              Gerald Mayhew            30     1   2  2  
 3 Lucas Wallmark           Pavol Regenda            Kasper Bjorkqvist        20     1   2  2  
 4 Barrett Hayton           Milos Kelemen            Ruslan Iskhakov          10     1   2  2  

5 vs 5 Defense 
   Defense                  Defense                                           Time % Phy DF OF 
 1 Reilly Walsh             Ian Mitchell                                      40     1   2  2  
 2 Mattias Backman          Olli Juolevi                                      26     1   2  2  
 3 Carl Dahlstrom           T.J Brodie                                        24     1   2  2  
 4 Sergei Zborovskiy        Josh Wesley                                       10     1   2  2  

PowerPlay Forward 
   Center                   Left Wing                Right Wing               Time % Phy DF OF 
 1 Josh Norris              Hunter Shinkaruk         Mark McNeill             60     1   1  3  
 2 Anton Gustafsson         Nolan Vesey              Gerald Mayhew            40     1   1  3  

PowerPlay Defense
   Defense                  Defense                                           Time % Phy DF OF 
 1 T.J Brodie               Ian Mitchell                                      60     1   1  3  
 2 Mattias Backman          Olli Juolevi                                      40     1   1  3  

Penalty Kill 4 Players Forward 
   Center                   Wing                     Time % Phy DF OF 
 1 Anton Gustafsson         Mark McNeill             60     1   3  1  
 2 Lucas Wallmark           Nolan Vesey              40     1   3  1  

Penalty Kill 4 Players Defense
   Defense                  Defense                  Time % Phy DF OF 
 1 Mattias Backman          T.J Brodie               60     1   3  1  
 2 Olli Juolevi             Carl Dahlstrom           40     1   3  1  

Penalty Kill - 3 Players Forward 
   Forward                                           Time % Phy DF OF 
 1 Mark McNeill                                      60     1   3  1  
 2 Lucas Wallmark                                    40     1   3  1  

Penalty Kill - 3 Players Defense
   Defense                  Defense                  Time % Phy DF OF 
 1 Mattias Backman          T.J Brodie               60     1   3  1  
 2 Olli Juolevi             Carl Dahlstrom           40     1   3  1  

4 vs 4 Forward 
   Center                   Wing                     Time % Phy DF OF 
 1 Josh Norris              Anton Gustafsson         60     1   2  2  
 2 Mark McNeill             Hunter Shinkaruk         40     1   2  2  

4 vs 4 Defense
   Defense                  Defense                  Time % Phy DF OF 
 1 Reilly Walsh             Ian Mitchell             60     1   2  2  
 2 T.J Brodie               Olli Juolevi             40     1   2  2  

Last Minutes Offensive
   Center                   Left Wing                Right Wing               Defense                  Defense                  
   Josh Norris              Hunter Shinkaruk         Mark McNeill             Mattias Backman          Olli Juolevi             

Last Minutes Defensive
   Center                   Left Wing                Right Wing               Defense                  Defense                  
   Anton Gustafsson         Lucas Wallmark           Mark McNeill             Reilly Walsh             T.J Brodie               

Goaltenders
Starting : Tristan Jarry            
Backup : Felix Sanstrom           

Extra Forwards
Normal : Anton Gustafsson, Lucas Wallmark, Hunter Shinkaruk - PP : Kasper Bjorkqvist, Gerald Mayhew - PK : Anton Gustafsson
Extra Defensemen
Normal : T.J Brodie, Mattias Backman, Olli Juolevi - PP : T.J Brodie - PK : T.J Brodie, Sergei Zborovskiy
Penalty Shots
Anton Gustafsson, Mark McNeill, Hunter Shinkaruk, Lucas Wallmark, Kasper Bjorkqvist
Custom OT Lines Forwards
Anton Gustafsson, Mark McNeill, Hunter Shinkaruk, Lucas Wallmark, Kasper Bjorkqvist, Gerald Mayhew, Nolan Vesey, Josh Norris, Pavol Regenda, Barrett Hayton
Custom OT Lines Defensemen
Mattias Backman, T.J Brodie, Olli Juolevi, Carl Dahlstrom, Reilly Walsh

Scratches
Bokondji Imama (Healthy), Christian Djoos (Healthy), Joni Ikonen (Healthy), Filip Chlapik (Healthy), Sean Durzi (Healthy)
Grant Hutton (Healthy), Riley Barber (Strained Right Elbow Injury), Kristian Vesalainen (Healthy), Ryan Olsen (Healthy), Troy Bourke (Healthy)
Carsen Twarynski (Healthy), Drew O'Connor (Healthy), Libor Hajek (Healthy), Linus Ullmark (Healthy)

% Time on Ice - Wolfpack

Lines # - Real PCT - Wanted PCT - Time Play
Normal Forward
1 - 34% - 40% - 16:26
2 - 27% - 30% - 12:58
3 - 22% - 20% - 10:24
4 - 17% - 10% - 7:58
Normal Defense
1 - 43% - 40% - 20:43
2 - 30% - 30% - 14:16
3 - 22% - 20% - 10:23
4 - 5% - 10% - 2:24
PP Forward
1 - 51% - 60% - 1:39
2 - 49% - 40% - 1:35
PP Defense
1 - 55% - 60% - 1:47
2 - 45% - 40% - 1:27
PK Forward
1 - 78% - 60% - 5:19
2 - 22% - 40% - 1:32
PK Defense
1 - 77% - 60% - 5:17
2 - 23% - 40% - 1:34
PK3 Forward
1 - 0% - 60%
2 - 0% - 40%
PK3 Defense
1 - 0% - 60%
2 - 0% - 40%
44 Forward
1 - 80% - 60% - 1:22
2 - 20% - 40% - 0:20
44 Defense
1 - 100% - 60% - 1:42
2 - 0% - 40% - 0:00
Last Minute Offensive  - 0:00
Last Minute Defensive  - 0:27
Total
Forward - 60:00
Defense - 60:00

% Time on Ice - Admirals

Lines # - Real PCT - Wanted PCT - Time Play
Normal Forward
1 - 35% - 40% - 16:33
2 - 27% - 30% - 13:05
3 - 22% - 20% - 10:30
4 - 16% - 10% - 7:39
Normal Defense
1 - 41% - 40% - 19:40
2 - 25% - 26% - 11:51
3 - 21% - 24% - 10:13
4 - 13% - 10% - 6:03
PP Forward
1 - 53% - 60% - 3:38
2 - 47% - 40% - 3:13
PP Defense
1 - 55% - 60% - 3:48
2 - 45% - 40% - 3:03
PK Forward
1 - 79% - 60% - 2:34
2 - 21% - 40% - 0:40
PK Defense
1 - 60% - 60% - 1:57
2 - 40% - 40% - 1:17
PK3 Forward
1 - 0% - 60%
2 - 0% - 40%
PK3 Defense
1 - 0% - 60%
2 - 0% - 40%
44 Forward
1 - 78% - 60% - 1:20
2 - 22% - 40% - 0:22
44 Defense
1 - 62% - 60% - 1:03
2 - 38% - 40% - 0:39
Last Minute Offensive  - 0:26
Last Minute Defensive  - 0:00
Total
Forward - 60:00
Defense - 60:00

Play-by-Play

1st period


0:01 of 1st period - Josh Norris wins face-off versus Casey Mittelstadt in neutral zone.
0:04 of 1st period - Snap shot by Hunter Shinkaruk.
0:04 of 1st period - Shot Blocked by Steven Santini.
1:12 of 1st period - Snap shot by Owen Tippet.
1:12 of 1st period - Goal by Owen Tippet - Wolfpack : 1 - Admirals : 0.
1:13 of 1st period - Josh Norris wins face-off versus Casey Mittelstadt in neutral zone.
1:43 of 1st period - Slapshot by Yegor Korshkov.
1:43 of 1st period - Stopped by Tristan Jarry without a rebound.
1:44 of 1st period - Anton Gustafsson wins face-off versus Mikhail Vorobyev in Admirals zone.
1:55 of 1st period - Wrist shot by Nolan Vesey.
1:55 of 1st period - Stopped by Eric Comrie with a rebound.
1:57 of 1st period - Snap shot by Josh Wesley.
1:57 of 1st period - Shot Misses the Net.
2:29 of 1st period - Olli Juolevi is hit by Derrick Pouliot and loses puck.
2:36 of 1st period - Wrist shot by Stefan Noesen.
2:36 of 1st period - Deflect By David Pope.
2:36 of 1st period - Stopped by Tristan Jarry with a rebound.
2:58 of 1st period - Wrist shot by Hunter Shinkaruk.
2:58 of 1st period - Shot Misses the Net.
3:56 of 1st period - Snap shot by Stefan Noesen.
3:56 of 1st period - Shot Misses the Net.
4:14 of 1st period - Snap shot by Hunter Shinkaruk.
4:14 of 1st period - Stopped by Eric Comrie with a rebound.
5:10 of 1st period - Wrist shot by David Pope.
5:10 of 1st period - Stopped by Tristan Jarry with a rebound.
5:42 of 1st period - Wrist shot by Gerald Mayhew.
5:42 of 1st period - Shot Misses the Net.
5:44 of 1st period - Slapshot by Ian Mitchell.
5:44 of 1st period - Stopped by Eric Comrie with a rebound.
5:50 of 1st period - Snap shot by Anton Gustafsson.
5:50 of 1st period - Shot Misses the Net.
6:09 of 1st period - Slapshot by Mark McNeill.
6:09 of 1st period - Stopped by Eric Comrie without a rebound.
6:10 of 1st period - Casey Mittelstadt wins face-off versus Anton Gustafsson in Wolfpack zone.
6:24 of 1st period - Nolan Vesey is hit by Casey Mittelstadt and loses puck.
6:43 of 1st period - Snap shot by Josh Norris.
6:43 of 1st period - Shot Misses the Net.
7:15 of 1st period - Milos Kelemen is hit by David Pope and loses puck.
9:09 of 1st period - Snap shot by Nolan Vesey.
9:09 of 1st period - Shot Misses the Net.
9:41 of 1st period - Stefan Noesen is hit by Olli Juolevi and loses puck.
10:32 of 1st period - K'Andre Miller is hit by Josh Norris and loses puck.
11:09 of 1st period - Lucas Wallmark is hit by Casey Mittelstadt.
11:31 of 1st period - Icing by Sergei Zborovskiy.
11:32 of 1st period - Mikhail Vorobyev wins face-off versus Gerald Mayhew in Admirals zone.
11:35 of 1st period - Wrist shot by Yegor Korshkov.
11:35 of 1st period - Stopped by Tristan Jarry with a rebound.
12:19 of 1st period - Snap shot by Owen Tippet.
12:19 of 1st period - Stopped by Tristan Jarry without a rebound.
12:20 of 1st period - Josh Norris wins face-off versus Casey Mittelstadt in Admirals zone.
12:27 of 1st period - Slapshot by Mark McNeill.
12:27 of 1st period - Stopped by Eric Comrie with a rebound.
12:30 of 1st period - Icing by David Pope.
12:31 of 1st period - Josh Norris wins face-off versus Casey Mittelstadt in Wolfpack zone.
12:34 of 1st period - Snap shot by Mark McNeill.
12:34 of 1st period - Shot Blocked by Casey Mittelstadt.
12:36 of 1st period - Wrist shot by Hunter Shinkaruk.
12:36 of 1st period - Shot Misses the Net.
12:38 of 1st period - Slapshot by Hunter Shinkaruk.
12:38 of 1st period - Shot Blocked by David Pope.
12:40 of 1st period - Wrist shot by Mark McNeill.
12:40 of 1st period - Deflect By Josh Norris.
12:40 of 1st period - Stopped by Eric Comrie with a rebound.
12:42 of 1st period - Slapshot by Ian Mitchell.
12:42 of 1st period - Deflect By Mark McNeill.
12:42 of 1st period - Shot Blocked by Steven Santini.
12:42 of 1st period - Puck is out of play.
12:43 of 1st period - Casey Mittelstadt wins face-off versus Josh Norris in Wolfpack zone.
12:50 of 1st period - Snap shot by David Pope.
12:50 of 1st period - Deflect By Mark McNeill.
12:50 of 1st period - Stopped by Tristan Jarry with a rebound.
13:29 of 1st period - Snap shot by Connor Chatam.
13:29 of 1st period - Shot Misses the Net.
13:52 of 1st period - Snap shot by Yegor Korshkov.
13:52 of 1st period - Shot Misses the Net.
14:12 of 1st period - Snap shot by Stefan Noesen.
14:12 of 1st period - Shot Misses the Net.
14:14 of 1st period - Wrist shot by Casey Mittelstadt.
14:14 of 1st period - Shot Blocked by Mattias Backman.
14:16 of 1st period - Wrist shot by Casey Mittelstadt.
14:16 of 1st period - Shot Misses the Net.
14:18 of 1st period - Wrist shot by Stefan Noesen.
14:18 of 1st period - Stopped by Tristan Jarry with a rebound.
14:20 of 1st period - Slapshot by Colton White.
14:20 of 1st period - Stopped by Tristan Jarry with a rebound.
14:39 of 1st period - Snap shot by Nolan Vesey.
14:39 of 1st period - Shot Misses the Net.
15:02 of 1st period - Minor Penalty to Dryden Hunt for Roughing.
15:03 of 1st period - Casey Mittelstadt wins face-off versus Josh Norris in Wolfpack zone.
15:11 of 1st period - Ian Mitchell is hit by Steven Santini and loses puck.
15:36 of 1st period - Steven Santini is hit by Nolan Vesey and loses puck.
15:58 of 1st period - Mark McNeill is hit by Alexander Barabanov.
16:48 of 1st period - Nolan Vesey is hit by Ryan Culkin and loses puck.
17:02 of 1st period - Penalty to Dryden Hunt is over, Dryden Hunt is back on ice.
17:09 of 1st period - Wrist shot by Hunter Shinkaruk.
17:09 of 1st period - Deflect By Kasper Bjorkqvist.
17:09 of 1st period - Shot Blocked by Joshua Jacobs.
17:09 of 1st period - Puck is out of play.
17:10 of 1st period - Connor Chatam wins face-off versus Lucas Wallmark in Wolfpack zone.
17:23 of 1st period - Snap shot by Lucas Wallmark.
17:23 of 1st period - Shot Hit the Post.
17:35 of 1st period - Connor Chatam is hit by Barrett Hayton.
17:40 of 1st period - Off-side.
17:41 of 1st period - Casey Mittelstadt wins face-off versus Barrett Hayton in neutral zone.
17:54 of 1st period - Slapshot by David Pope.
17:54 of 1st period - Shot Misses the Net.
18:05 of 1st period - Icing by Derrick Pouliot.
18:06 of 1st period - Nolan Patrick wins face-off versus Josh Norris in Wolfpack zone.
18:11 of 1st period - Slapshot by Hunter Shinkaruk.
18:11 of 1st period - Shot Misses the Net.
18:31 of 1st period - Slapshot by Nolan Vesey.
18:31 of 1st period - Shot Blocked by Derrick Pouliot.
19:22 of 1st period - Wrist shot by Sebastian Collberg.
19:22 of 1st period - Shot Blocked by Mark McNeill.
Goals for this period are 1 for Wolfpack vs 0 for Admirals.
Shots for this period are 9 for Wolfpack vs 6 for Admirals.

2nd period


0:01 of 2nd period - Casey Mittelstadt wins face-off versus Josh Norris in neutral zone.
0:12 of 2nd period - Snap shot by David Pope.
0:12 of 2nd period - Stopped by Tristan Jarry with a rebound.
0:27 of 2nd period - Minor Penalty to Alexander Barabanov for Tripping.
0:28 of 2nd period - Mark McNeill wins face-off versus Casey Mittelstadt in Wolfpack zone.
0:53 of 2nd period - David Pope is hit by T.J Brodie and loses puck.
1:00 of 2nd period - Wrist shot by Anton Gustafsson.
1:00 of 2nd period - Shot Hit the Post.
1:12 of 2nd period - Ryan Culkin is hit by Anton Gustafsson and loses puck.
1:36 of 2nd period - Wrist shot by Mark McNeill.
1:36 of 2nd period - Shot Misses the Net.
1:38 of 2nd period - Slapshot by T.J Brodie.
1:38 of 2nd period - Stopped by Eric Comrie with a rebound.
1:40 of 2nd period - Slapshot by Ian Mitchell.
1:40 of 2nd period - Stopped by Eric Comrie with a rebound.
1:42 of 2nd period - Slapshot by Hunter Shinkaruk.
1:42 of 2nd period - Stopped by Eric Comrie without a rebound.
1:43 of 2nd period - Casey Mittelstadt wins face-off versus Josh Norris in Wolfpack zone.
2:27 of 2nd period - Penalty to Alexander Barabanov is over, Alexander Barabanov is back on ice.
2:33 of 2nd period - Slapshot by Olli Juolevi.
2:33 of 2nd period - Shot Blocked by Derrick Pouliot.
2:35 of 2nd period - Slapshot by Mattias Backman.
2:35 of 2nd period - Shot Misses the Net.
2:37 of 2nd period - Snap shot by Kasper Bjorkqvist.
2:37 of 2nd period - Shot Misses the Net.
2:39 of 2nd period - Slapshot by Olli Juolevi.
2:39 of 2nd period - Shot Hit the Post.
2:41 of 2nd period - Wrist shot by Lucas Wallmark.
2:41 of 2nd period - Goal by Lucas Wallmark - Wolfpack : 1 - Admirals : 1.
2:42 of 2nd period - Josh Norris wins face-off versus Casey Mittelstadt in neutral zone.
2:45 of 2nd period - Colton White is hit by Reilly Walsh and loses puck.
3:04 of 2nd period - Minor Penalty to Josh Norris for Slashing.
3:05 of 2nd period - Anton Gustafsson wins face-off versus Casey Mittelstadt in Admirals zone.
3:50 of 2nd period - Mark McNeill is hit by Stefan Noesen and loses puck.
5:04 of 2nd period - Penalty to Josh Norris is over, Josh Norris is back on ice.
5:15 of 2nd period - Snap shot by Kasper Bjorkqvist.
5:15 of 2nd period - Stopped by Eric Comrie with a rebound.
5:17 of 2nd period - Wrist shot by Kasper Bjorkqvist.
5:17 of 2nd period - Goal by Kasper Bjorkqvist - Wolfpack : 1 - Admirals : 2.
5:18 of 2nd period - Alex Barre-Boulet wins face-off versus Josh Norris in neutral zone.
5:31 of 2nd period - Snap shot by Josh Norris.
5:31 of 2nd period - Stopped by Eric Comrie without a rebound.
5:32 of 2nd period - Casey Mittelstadt wins face-off versus Josh Norris in Wolfpack zone.
5:43 of 2nd period - Josh Norris is hit by Casey Mittelstadt and loses puck.
6:53 of 2nd period - Slapshot by Olli Juolevi.
6:53 of 2nd period - Shot Blocked by Ryan Culkin.
6:55 of 2nd period - Snap shot by Olli Juolevi.
6:55 of 2nd period - Shot Misses the Net.
6:57 of 2nd period - Slapshot by Olli Juolevi.
6:57 of 2nd period - Shot Blocked by Colton White.
7:09 of 2nd period - Snap shot by Nolan Patrick.
7:09 of 2nd period - Stopped by Tristan Jarry with a rebound.
7:21 of 2nd period - Mark McNeill is hit by Nolan Patrick and loses puck.
7:38 of 2nd period - Slapshot by Nolan Vesey.
7:38 of 2nd period - Shot Misses the Net.
7:40 of 2nd period - Slapshot by Mattias Backman.
7:40 of 2nd period - Stopped by Eric Comrie without a rebound.
7:41 of 2nd period - Anton Gustafsson wins face-off versus Casey Mittelstadt in Wolfpack zone.
7:42 of 2nd period - Snap shot by Nolan Vesey.
7:42 of 2nd period - Stopped by Eric Comrie with a rebound.
7:52 of 2nd period - Wrist shot by David Pope.
7:52 of 2nd period - Stopped by Tristan Jarry without a rebound.
7:53 of 2nd period - Josh Norris wins face-off versus Stefan Noesen in Admirals zone.
7:53 of 2nd period - Josh Norris is hit by Steven Santini.
8:00 of 2nd period - Off-side.
8:01 of 2nd period - Casey Mittelstadt wins face-off versus Josh Norris in neutral zone.
8:04 of 2nd period - Slapshot by Steven Santini.
8:04 of 2nd period - Shot Blocked by Josh Norris.
8:50 of 2nd period - Wrist shot by Mikhail Vorobyev.
8:50 of 2nd period - Shot Misses the Net.
8:52 of 2nd period - Wrist shot by Yegor Korshkov.
8:52 of 2nd period - Shot Misses the Net.
8:54 of 2nd period - Snap shot by K'Andre Miller.
8:54 of 2nd period - Deflect By Nolan Vesey.
8:54 of 2nd period - Stopped by Tristan Jarry with a rebound.
9:00 of 2nd period - Wrist shot by Yegor Korshkov.
9:00 of 2nd period - Stopped by Tristan Jarry with a rebound.
9:30 of 2nd period - T.J Brodie is hit by Joshua Jacobs and loses puck.
9:57 of 2nd period - Wrist shot by Nolan Patrick.
9:57 of 2nd period - Stopped by Tristan Jarry without a rebound.
9:58 of 2nd period - Josh Norris wins face-off versus Casey Mittelstadt in Admirals zone.
10:11 of 2nd period - Snap shot by David Pope.
10:11 of 2nd period - Stopped by Tristan Jarry without a rebound.
10:12 of 2nd period - Casey Mittelstadt wins face-off versus Josh Norris in Admirals zone.
10:13 of 2nd period - Snap shot by David Pope.
10:13 of 2nd period - Shot Blocked by Ian Mitchell.
10:16 of 2nd period - Icing by Ian Mitchell.
10:17 of 2nd period - Casey Mittelstadt wins face-off versus Josh Norris in Admirals zone.
10:18 of 2nd period - Wrist shot by David Pope.
10:18 of 2nd period - Stopped by Tristan Jarry with a rebound.
10:42 of 2nd period - Wrist shot by Ian Mitchell.
10:42 of 2nd period - Shot Blocked by Steven Santini.
10:44 of 2nd period - Snap shot by Ruslan Iskhakov.
10:44 of 2nd period - Shot Blocked by Steven Santini.
10:46 of 2nd period - Snap shot by Barrett Hayton.
10:46 of 2nd period - Stopped by Eric Comrie with a rebound.
10:48 of 2nd period - Snap shot by Ian Mitchell.
10:48 of 2nd period - Stopped by Eric Comrie without a rebound.
10:49 of 2nd period - Alexander Barabanov wins face-off versus Barrett Hayton in Wolfpack zone.
10:58 of 2nd period - Snap shot by Sebastian Collberg.
10:58 of 2nd period - Shot Blocked by Barrett Hayton.
11:00 of 2nd period - Slapshot by Nolan Patrick.
11:00 of 2nd period - Stopped by Tristan Jarry without a rebound.
11:01 of 2nd period - Josh Norris wins face-off versus Casey Mittelstadt in Admirals zone.
11:22 of 2nd period - Minor Penalty to Reilly Walsh for Holding.
11:23 of 2nd period - Anton Gustafsson wins face-off versus Casey Mittelstadt in Admirals zone.
11:23 of 2nd period - Anton Gustafsson is hit by David Pope.
11:39 of 2nd period - Minor Penalty to Steven Santini for Cross-checking.
11:40 of 2nd period - Casey Mittelstadt wins face-off versus Josh Norris in Wolfpack zone.
11:52 of 2nd period - Snap shot by Casey Mittelstadt.
11:52 of 2nd period - Shot Misses the Net.
11:54 of 2nd period - Snap shot by Casey Mittelstadt.
11:54 of 2nd period - Goal by Casey Mittelstadt - Wolfpack : 2 - Admirals : 2.
11:55 of 2nd period - Josh Norris wins face-off versus Casey Mittelstadt in neutral zone.
12:21 of 2nd period - Icing by Josh Norris.
12:22 of 2nd period - Casey Mittelstadt wins face-off versus Josh Norris in Admirals zone.
13:22 of 2nd period - Penalty to Reilly Walsh is over, Reilly Walsh is back on ice.
13:39 of 2nd period - Penalty to Steven Santini is over, Steven Santini is back on ice.
13:42 of 2nd period - Wrist shot by Kasper Bjorkqvist.
13:42 of 2nd period - Stopped by Eric Comrie with a rebound.
13:44 of 2nd period - Snap shot by Gerald Mayhew.
13:44 of 2nd period - Stopped by Eric Comrie without a rebound.
13:45 of 2nd period - Lucas Wallmark wins face-off versus Mikhail Vorobyev in Wolfpack zone.
14:10 of 2nd period - Reilly Walsh is hit by Steven Santini and loses puck.
14:37 of 2nd period - Mark McNeill is hit by Colton White and loses puck.
15:05 of 2nd period - K'Andre Miller is hit by Olli Juolevi.
15:23 of 2nd period - Slapshot by Steven Santini.
15:23 of 2nd period - Stopped by Tristan Jarry with a rebound.
15:25 of 2nd period - Slapshot by Derrick Pouliot.
15:25 of 2nd period - Shot Misses the Net.
15:27 of 2nd period - Slapshot by Steven Santini.
15:27 of 2nd period - Deflect By Yegor Korshkov.
15:27 of 2nd period - Shot Blocked by Carl Dahlstrom.
15:27 of 2nd period - Puck is out of play.
15:28 of 2nd period - Casey Mittelstadt wins face-off versus Josh Norris in Admirals zone.
15:50 of 2nd period - Icing by Derrick Pouliot.
15:51 of 2nd period - Anton Gustafsson wins face-off versus Casey Mittelstadt in Wolfpack zone.
17:02 of 2nd period - Minor Penalty to Ruslan Iskhakov for Holding.
17:03 of 2nd period - Anton Gustafsson wins face-off versus Casey Mittelstadt in Admirals zone.
17:13 of 2nd period - Snap shot by Stefan Noesen.
17:13 of 2nd period - Shot Blocked by T.J Brodie.
17:15 of 2nd period - Slapshot by Ryan Culkin.
17:15 of 2nd period - Shot Blocked by Anton Gustafsson.
17:17 of 2nd period - Snap shot by Casey Mittelstadt.
17:17 of 2nd period - Shot Misses the Net.
17:19 of 2nd period - Slapshot by Ryan Culkin.
17:19 of 2nd period - Stopped by Tristan Jarry with a rebound.
17:32 of 2nd period - Icing by Nolan Patrick.
17:33 of 2nd period - Anton Gustafsson wins face-off versus Nolan Patrick in Wolfpack zone.
17:34 of 2nd period - Wrist shot by Olli Juolevi.
17:34 of 2nd period - Stopped by Eric Comrie with a rebound.
17:58 of 2nd period - Slapshot by Steven Santini.
17:58 of 2nd period - Stopped by Tristan Jarry with a rebound.
18:00 of 2nd period - Snap shot by Nolan Patrick.
18:00 of 2nd period - Goal by Nolan Patrick - Wolfpack : 3 - Admirals : 2.
18:01 of 2nd period - Josh Norris wins face-off versus Casey Mittelstadt in neutral zone.
18:16 of 2nd period - Wrist shot by Mark McNeill.
18:16 of 2nd period - Stopped by Eric Comrie with a rebound.
18:26 of 2nd period - Gerald Mayhew is hit by Alexander Barabanov and loses puck.
19:13 of 2nd period - Wrist shot by Mikhail Vorobyev.
19:13 of 2nd period - Goal by Mikhail Vorobyev - Wolfpack : 4 - Admirals : 2.
19:14 of 2nd period - Casey Mittelstadt wins face-off versus Josh Norris in neutral zone.
Goals for this period are 3 for Wolfpack vs 2 for Admirals.
Shots for this period are 15 for Wolfpack vs 15 for Admirals.

3rd period


0:01 of 3rd period - Casey Mittelstadt wins face-off versus Mark McNeill in neutral zone.
0:11 of 3rd period - Snap shot by David Pope.
0:11 of 3rd period - Deflect By Stefan Noesen.
0:11 of 3rd period - Shot Misses the Net.
0:11 of 3rd period - Puck is out of play.
0:12 of 3rd period - Josh Norris wins face-off versus Casey Mittelstadt in Admirals zone.
0:23 of 3rd period - Snap shot by Stefan Noesen.
0:23 of 3rd period - Shot Misses the Net.
0:25 of 3rd period - Wrist shot by Derrick Pouliot.
0:25 of 3rd period - Deflect By David Pope.
0:25 of 3rd period - Shot Misses the Net.
0:25 of 3rd period - Puck is out of play.
0:26 of 3rd period - Nolan Patrick wins face-off versus Josh Norris in Admirals zone.
0:37 of 3rd period - Alexander Barabanov is hit by Mattias Backman and loses puck.
0:52 of 3rd period - Casey Mittelstadt is hit by Gerald Mayhew and loses puck.
1:07 of 3rd period - Olli Juolevi is hit by Casey Mittelstadt.
1:08 of 3rd period - Olli Juolevi from Admirals is injured at 1:08 of 3rd period (Sports Hernia).
1:09 of 3rd period - Josh Norris wins face-off versus Casey Mittelstadt in Admirals zone.
1:09 of 3rd period - Josh Norris is hit by Derrick Pouliot.
2:01 of 3rd period - Wrist shot by Yegor Korshkov.
2:01 of 3rd period - Shot Misses the Net.
2:03 of 3rd period - Snap shot by Ryan Culkin.
2:03 of 3rd period - Shot Blocked by Nolan Vesey.
2:07 of 3rd period - Backhand shot by Ryan Culkin.
2:07 of 3rd period - Stopped by Tristan Jarry with a rebound.
2:37 of 3rd period - Snap shot by Nolan Patrick.
2:37 of 3rd period - Stopped by Tristan Jarry without a rebound.
2:38 of 3rd period - Nolan Patrick wins face-off versus Josh Norris in Admirals zone.
2:51 of 3rd period - Slapshot by Hunter Shinkaruk.
2:51 of 3rd period - Deflect By Alexander Barabanov.
2:51 of 3rd period - Stopped by Eric Comrie without a rebound.
2:52 of 3rd period - Casey Mittelstadt wins face-off versus Josh Norris in Wolfpack zone.
3:25 of 3rd period - Slapshot by Mattias Backman.
3:25 of 3rd period - Stopped by Eric Comrie with a rebound.
3:31 of 3rd period - Josh Wesley is hit by Nolan Patrick and loses puck.
3:41 of 3rd period - Off-side.
3:42 of 3rd period - Alex Barre-Boulet wins face-off versus Barrett Hayton in neutral zone.
4:07 of 3rd period - T.J Brodie is hit by Stefan Noesen and loses puck.
4:34 of 3rd period - Wrist shot by Nolan Vesey.
4:34 of 3rd period - Shot Blocked by K'Andre Miller.
4:36 of 3rd period - Snap shot by Anton Gustafsson.
4:36 of 3rd period - Stopped by Eric Comrie with a rebound.
4:56 of 3rd period - Slapshot by Lucas Wallmark.
4:56 of 3rd period - Stopped by Eric Comrie with a rebound.
4:58 of 3rd period - Wrist shot by Kasper Bjorkqvist.
4:58 of 3rd period - Shot Misses the Net.
5:00 of 3rd period - Snap shot by Lucas Wallmark.
5:00 of 3rd period - Stopped by Eric Comrie with a rebound.
5:14 of 3rd period - Snap shot by Connor Chatam.
5:14 of 3rd period - Goal by Connor Chatam - Wolfpack : 5 - Admirals : 2.
5:15 of 3rd period - Josh Norris wins face-off versus Casey Mittelstadt in neutral zone.
5:21 of 3rd period - Minor Penalty to Steven Santini for Roughing.
5:22 of 3rd period - Josh Norris wins face-off versus Casey Mittelstadt in Wolfpack zone.
5:24 of 3rd period - Snap shot by Hunter Shinkaruk.
5:24 of 3rd period - Stopped by Eric Comrie without a rebound.
5:25 of 3rd period - Josh Norris wins face-off versus Casey Mittelstadt in Wolfpack zone.
6:16 of 3rd period - Slapshot by Alexander Barabanov.
6:16 of 3rd period - Shot Blocked by Carl Dahlstrom.
7:08 of 3rd period - Dryden Hunt is hit by Nolan Vesey and loses puck.
7:21 of 3rd period - Penalty to Steven Santini is over, Steven Santini is back on ice.
7:29 of 3rd period - Snap shot by Owen Tippet.
7:29 of 3rd period - Shot Misses the Net.
7:53 of 3rd period - Ruslan Iskhakov is hit by Nolan Patrick and loses puck.
8:18 of 3rd period - Sergei Zborovskiy is hit by Stefan Noesen and loses puck.
8:56 of 3rd period - Reilly Walsh is hit by Dryden Hunt and loses puck.
10:07 of 3rd period - Carl Dahlstrom is hit by Sebastian Collberg and loses puck.
10:22 of 3rd period - Wrist shot by Dryden Hunt.
10:22 of 3rd period - Shot Misses the Net.
10:41 of 3rd period - Casey Mittelstadt is hit by Mattias Backman and loses puck.
10:56 of 3rd period - Wrist shot by Barrett Hayton.
10:56 of 3rd period - Stopped by Eric Comrie with a rebound.
10:58 of 3rd period - Slapshot by Reilly Walsh.
10:58 of 3rd period - Stopped by Eric Comrie with a rebound.
11:19 of 3rd period - Snap shot by Nolan Vesey.
11:19 of 3rd period - Stopped by Eric Comrie with a rebound.
11:21 of 3rd period - Snap shot by Nolan Vesey.
11:21 of 3rd period - Shot Blocked by Joshua Jacobs.
11:40 of 3rd period - Icing by Pavol Regenda.
11:41 of 3rd period - Lucas Wallmark wins face-off versus Alex Barre-Boulet in Admirals zone.
11:43 of 3rd period - Icing by Kasper Bjorkqvist.
11:44 of 3rd period - Josh Norris wins face-off versus Alex Barre-Boulet in Admirals zone.
11:53 of 3rd period - Wrist shot by Hunter Shinkaruk.
11:53 of 3rd period - Stopped by Eric Comrie without a rebound.
11:54 of 3rd period - Josh Norris wins face-off versus Casey Mittelstadt in Wolfpack zone.
12:07 of 3rd period - Wrist shot by Hunter Shinkaruk.
12:07 of 3rd period - Goal by Hunter Shinkaruk - Wolfpack : 5 - Admirals : 3.
12:08 of 3rd period - Josh Norris wins face-off versus Casey Mittelstadt in neutral zone.
12:21 of 3rd period - Snap shot by Hunter Shinkaruk.
12:21 of 3rd period - Shot Blocked by Stefan Noesen.
12:23 of 3rd period - Minor Penalty to Stefan Noesen for Tripping.
12:24 of 3rd period - Josh Norris wins face-off versus Casey Mittelstadt in Wolfpack zone.
12:27 of 3rd period - Snap shot by T.J Brodie.
12:27 of 3rd period - Shot Misses the Net.
12:29 of 3rd period - Wrist shot by Josh Norris.
12:29 of 3rd period - Goal by Josh Norris - Wolfpack : 5 - Admirals : 4.
12:30 of 3rd period - Casey Mittelstadt wins face-off versus Josh Norris in neutral zone.
12:33 of 3rd period - Reilly Walsh is hit by Stefan Noesen and loses puck.
12:40 of 3rd period - Wrist shot by David Pope.
12:40 of 3rd period - Stopped by Tristan Jarry with a rebound.
12:42 of 3rd period - Snap shot by David Pope.
12:42 of 3rd period - Stopped by Tristan Jarry with a rebound.
12:56 of 3rd period - Steven Santini is hit by Anton Gustafsson and loses puck.
13:21 of 3rd period - Snap shot by Lucas Wallmark.
13:21 of 3rd period - Shot Blocked by Derrick Pouliot.
13:23 of 3rd period - Wrist shot by T.J Brodie.
13:23 of 3rd period - Deflect By Lucas Wallmark.
13:23 of 3rd period - Shot Misses the Net.
13:23 of 3rd period - Puck is out of play.
13:24 of 3rd period - Josh Norris wins face-off versus Casey Mittelstadt in Wolfpack zone.
13:37 of 3rd period - Snap shot by David Pope.
13:37 of 3rd period - Goal by David Pope - Wolfpack : 6 - Admirals : 4.
13:38 of 3rd period - Casey Mittelstadt wins face-off versus Josh Norris in neutral zone.
14:17 of 3rd period - Snap shot by Nolan Vesey.
14:17 of 3rd period - Shot Misses the Net.
14:31 of 3rd period - Slapshot by T.J Brodie.
14:31 of 3rd period - Shot Misses the Net.
14:53 of 3rd period - Off-side.
14:54 of 3rd period - Lucas Wallmark wins face-off versus Casey Mittelstadt in neutral zone.
16:28 of 3rd period - Icing by Kasper Bjorkqvist.
16:29 of 3rd period - Kasper Bjorkqvist wins face-off versus Casey Mittelstadt in Admirals zone.
16:47 of 3rd period - Icing by Lucas Wallmark.
16:48 of 3rd period - Alex Barre-Boulet wins face-off versus Josh Norris in Admirals zone.
16:55 of 3rd period - Wrist shot by Connor Chatam.
16:55 of 3rd period - Shot Misses the Net.
17:02 of 3rd period - Minor Penalty to Ryan Culkin for Holding.
17:03 of 3rd period - Josh Norris wins face-off versus Casey Mittelstadt in Wolfpack zone.
17:33 of 3rd period - Slapshot by Mattias Backman.
17:33 of 3rd period - Goal by Mattias Backman - Wolfpack : 6 - Admirals : 5.
17:34 of 3rd period - Alex Barre-Boulet wins face-off versus Lucas Wallmark in neutral zone.
17:47 of 3rd period - Slapshot by Kasper Bjorkqvist.
17:47 of 3rd period - Stopped by Eric Comrie without a rebound.
17:48 of 3rd period - Lucas Wallmark wins face-off versus Casey Mittelstadt in Wolfpack zone.
17:49 of 3rd period - Snap shot by Kasper Bjorkqvist.
17:49 of 3rd period - Shot Misses the Net.
18:36 of 3rd period - Snap shot by Nolan Patrick.
18:36 of 3rd period - Stopped by Tristan Jarry with a rebound.
18:52 of 3rd period - Admirals, Tristan Jarry is pulled from the net.
19:12 of 3rd period - Snap shot by David Pope.
19:12 of 3rd period - Goal by David Pope - Wolfpack : 7 - Admirals : 5.
19:12 of 3rd period - Tristan Jarry from Admirals was sent back in the game.
19:13 of 3rd period - Alex Barre-Boulet wins face-off versus Lucas Wallmark in neutral zone.
19:26 of 3rd period - Snap shot by Connor Chatam.
19:26 of 3rd period - Shot Misses the Net.
19:28 of 3rd period - Slapshot by Derrick Pouliot.
19:28 of 3rd period - Shot Blocked by Reilly Walsh.
19:38 of 3rd period - Reilly Walsh is hit by Alexander Barabanov and loses puck.
Goals for this period are 3 for Wolfpack vs 3 for Admirals.
Shots for this period are 8 for Wolfpack vs 14 for Admirals. Output by the SimonT Hockey Simulator (STHS) for Francois Prevost - Original Page W3C HTML5 Valid
Hockey Simulator - Hockey Simulation - Hockey Manager